 Dungeon Crawl Stone Soup version 0.21-a0-52-gbf49515 (webtiles) character file.

338 nikopol the Conjurer (level 6, 0/32 HPs)
             Began as a Deep Elf Conjurer on June 13, 2017.
             Succumbed to a worker ant's poison
             ... on level 3 of the Dungeon.
             The game lasted 00:11:18 (2418 turns).

nikopol the Conjurer (Deep Elf Conjurer)            Turns: 2418, Time: 00:11:18

Health: 0/32       AC:  4    Str:  5    XL:     6   Next: 29%
Magic:  6/15       EV: 13    Int: 22    God:
Gold:   132        SH:  0    Dex: 15    Spells: 8/15 levels left

rFire    . . .     SeeInvis .   o - +0 short sword
rCold    . . .     Gourm    .   (no shield)
rNeg     . . .     Faith    .   a - +0 robe
rPois    .         Spirit   .   (no helmet)
rElec    .         Reflect  .   (no cloak)
rCorr    .         Harm     .   (no gloves)
MR       .....                  l - +1 pair of boots
Stlth    +++.......             (no amulet)
Regen    0.1/turn               (no ring)
MPRegen  0.2/turn               (no ring)

@: lethally poisoned (0 -> -8)
A: no striking features
a: no special abilities


You were on level 3 of the Dungeon.
You were hungry.

You visited 1 branch of the dungeon, and saw 4 of its levels.

You collected 132 gold pieces.

Inventory:

Hand Weapons
 o - a +0 short sword (weapon)
Armour
 a - a +0 robe (worn)
 l - a +1 pair of boots (worn)
Scrolls
 e - 3 scrolls of remove curse
 j - 3 scrolls of immolation
 q - a scroll of teleportation
Potions
 d - a potion of lignification {unknown}
 f - a potion of might {unknown}
 g - 3 potions of magic
 k - 2 potions of ambrosia {unknown}
 p - a potion of haste {unknown}
Books
 b - a book of Conjurations

   Spells                             Type                      Level
   a - Magic Dart                     Conjuration                  1
   b - Searing Ray                    Conjuration                  2
   c - Dazzling Spray                 Conjuration/Hexes            3
   d - Fulminant Prism                Conjuration/Hexes            4
   e - Force Lance                    Conjuration/Translocation    4
   f - Iskenderun's Mystic Blast      Conjuration                  4
Comestibles
 c - 2 bread rations
 r - a meat ration
 s - a royal jelly


   Skills:
 + Level 0.1 Fighting
 + Level 2.8 Dodging
 + Level 4.1 Stealth
   Level 0.1 Shields
 + Level 5.3 Spellcasting
 + Level 6.7 Conjurations


You had 8 spell levels left.
You knew the following spells:

 Your Spells              Type           Power        Failure   Level  Hunger
a - Magic Dart            Conj           ####         1%          1    None
b - Searing Ray           Conj           #####.       1%          2    None
c - Iskenderun's Mystic   Conj           #####...     6%          4    ####...


Dungeon Overview and Level Annotations

Branches:
Dungeon (4/15)
 Temple: D:4-7

Altars:
Xom

Annotations:
D:4 KristoblXynda's ghost, amateur DDFi


Message History

Aim: a worker ant The searing ray hits the worker ant.
The worker ant is lightly wounded. (Press . to maintain the ray.)
The worker ant bites you.
* * * LOW HITPOINT WARNING * * *
The searing ray hits the worker ant.
The worker ant is heavily wounded.
The worker ant bites you.
* * * LOW HITPOINT WARNING * * *
The searing ray hits the worker ant.
The worker ant is almost dead.
The worker ant barely misses you. The worker ant bites you.
* * * LOW HITPOINT WARNING * * *
You are lethally poisoned!
The worker ant poisons you!
The searing ray hits the worker ant.
You kill the worker ant!
You finish channeling your searing ray.
You die...

#............#
#.##########.# #.#
#...# #.# #.###
######### #.# #.#
#.......# #.# #.#
#.......# #.# #.#
######.......# #.#
#.# .....'.......#
#@# #.#
######.......# #.#
#.#
######..########.#
#.#
................>#
#.#
#######.#......#.#
#.# #........#.#
#.# ##.......#.#
#.# #......)#.#
#.# #.......#.#
#.#


There were no monsters in sight!

Vanquished Creatures
  Sigmund (D:3)
  Natasha (thrice) (D:3)
  2 worker ants (D:3)
  An adder (D:3)
  2 worms (D:2)
  4 dart slugs
  An orc (D:3)
  8 bats
  A giant cockroach (D:1)
  2 goblins
  7 hobgoblins
  2 jackals (D:2)
  5 kobolds
  2 quokkas (D:2)
  2 frilled lizards
  9 rats
52 creatures vanquished.

Notes
Turn   | Place    | Note
-------+----------+-------------------------------------------
     0 | D:1      | nikopol the Deep Elf Conjurer began the quest for the Orb.
     0 | D:1      | Reached XP level 1. HP: 10/10 MP: 6/6
   186 | D:1      | Reached XP level 2. HP: 15/15 MP: 4/8
   618 | D:2      | Reached skill level 5 in Conjurations
   713 | D:2      | Reached XP level 3. HP: 19/19 MP: 5/9
   717 | D:2      | Learned a level 2 spell: Searing Ray
  1533 | D:3      | Found a shimmering altar of Xom.
  1534 | D:3      | Found a shimmering altar of Xom.
  1581 | D:3      | Noticed Natasha
  1626 | D:3      | Killed Natasha
  1626 | D:3      | Reached XP level 4. HP: 24/24 MP: 7/11
  1682 | D:3      | Noticed Sigmund
  1701 | D:3      | Learned a level 4 spell: Iskenderun's Mystic Blast
  1722 | D:3      | Killed Sigmund
  1722 | D:3      | Reached skill level 6 in Conjurations
  1722 | D:3      | Reached XP level 5. HP: 15/28 MP: 5/14
  1836 | D:3      | Noticed Natasha
  1839 | D:3      | Killed Natasha
  1863 | D:3      | Noticed Natasha
  1867 | D:3      | Killed Natasha
  1867 | D:3      | Reached skill level 5 in Spellcasting
  1867 | D:3      | Reached XP level 6. HP: 32/32 MP: 9/15
  2401 | D:4      | Noticed KristoblXynda's ghost (amateur DDFi)
  2417 | D:3      | HP: 1/32 [worker ant (4)]
  2418 | D:3      | Succumbed to a worker ant's poison

Vault maps used:
D:1:      tarquinn_simple_flora_water_a
D:3:      xom_redecorated, uniq_natasha, uniq_sigmund
D:4:      lemuel_round_altar, enter_ossuary_5, first_bread, grunt_ministairs_2,
          uniq_ijyb, uniq_purgy

Skill      XL: |  1  2  3  4  5 |
---------------+----------------+-----
Conjurations   | 5 6 |  6.7
Stealth        | 3 4 |  4.1
Spellcasting   | 4 5 |  5.3
Fighting       | |  0.1
Dodging        | |  2.8
Shields        | |  0.1

Action                   |  1- 3 |  4- 6 || total
-------------------------+-------+-------++-------
 Cast: Magic Dart        |    89 |    16 ||   105
       Searing Ray       |     3 |     6 ||     9
  Use: Scroll            |       |     7 ||     7
  Eat: Chunk             |     2 |     2 ||     4
Armor: Robe              |       |     1 ||     1
Dodge: Dodged            |     4 |    13 ||    17
